 Dungeon Crawl Stone Soup version 0.17.2 (webtiles) character file.

474 ololoev the Slasher (level 6, 0/47 HPs)
             Began as a Mummy Chaos Knight on May 30, 2016.
             Killed from afar by an orc wizard (7 damage)
             ... with a puff of flame
             ... on level 5 of the Dungeon.
             The game lasted 00:07:31 (3121 turns).

ololoev the Slasher (Mummy Chaos Knight)            Turns: 3121, Time: 00:07:31

Health: 0/47       AC: 15    Str: 17    XL:     6   Next: 84%
Magic:  6/6        EV:  5    Int: 12    God:    Xom [.*....]
Gold:   143        SH:  0    Dex: 11    Spells: 0 memorised, 5 levels left

rFire  x . .     SeeInvis .     a - +0 dagger (venom)
rCold  + . .     Clarity  .     j - +0 plate armour
rNeg   + + +     SustAt   .     (no shield)
rPois  ∞         Gourm    .     (no helmet)
rElec  .         Spirit   .     o - +0 cloak
rCorr  .         Warding  .     i - +1 pair of gloves
rMut   .         Stasis   .     (no boots)
MR     +....                    (no amulet)
Stlth  ..........               (no ring)
                                e - ring of protection from magic

@: somewhat resistant to hostile enchantments, extremely unstealthy
A: no food or potions, fire vulnerability, cold resistance 1, negative energy
resistance 3, torment resistance, unbreathing
a: Renounce Religion


Innate Abilities, Weirdness & Mutations

You do not eat or drink.
Your flesh is vulnerable to fire.
You are immune to poison.
Your flesh is cold resistant.
You are immune to negative energy.
You are immune to unholy pain and torment.
You can survive without breathing.

Inventory:

Hand Weapons
 a - a +0 dagger of venom (weapon)
 d - a +0 falchion of chaos
Armour
 i - a +1 pair of gloves (worn)
 j - a +0 plate armour (worn)
 o - a +0 cloak (worn)
Jewellery
 e - a ring of protection from magic (left hand)
 g - an uncursed ring of flight
Scrolls
 b - a scroll of remove curse {unknown}
 c - 7 scrolls of identify {unknown}
 f - a scroll of blinking {unknown}
 h - 2 scrolls of recharging {unknown}
 k - a scroll of magic mapping {unknown}
 l - a scroll of fog {unknown}
 m - 2 scrolls of teleportation {unknown}
 n - 3 scrolls of random uselessness {unknown}
 p - a scroll of fear {unknown}


   Skills:
 - Level 3.0 Fighting
 * Level 5.4 Long Blades
 + Level 3.8 Armour
 - Level 0.7 Dodging


You had 5 spell levels left.
You didn't know any spells.


You were on level 5 of the Dungeon.
You worshipped Xom.
You were a plaything of Xom.
You were not hungry.

You visited 1 branch of the dungeon, and saw 5 of its levels.

You collected 143 gold pieces.

.................
###..............
#.............###
.###.#..>...........
...%.....#####......
###.........##....##
#...#'#...##....#
#...#.#...####.##
#@###.###(# #.#
#.'og∩..+.# #<#
#.###)### # #.# #...
#.# #.# #... #'# .#
#....... #.####.# #.
... ## ##

Notes
Turn   | Place    | Note
--------------------------------------------------------------
     0 | D:1      | ololoev the Mummy Chaos Knight began the quest for the Orb.
     0 | D:1      | Reached XP level 1. HP: 18/18 MP: 1/1
    65 | D:1      | Reached XP level 2. HP: 21/24 MP: 2/2
    93 | D:1      | XOM: smoke on damage
   473 | D:1      | XOM: silly message
   616 | D:2      | Reached XP level 3. HP: 26/29 MP: 3/3
  1130 | D:2      | XOM: divination: detect creatures
  1202 | D:3      | Reached XP level 4. HP: 32/35 MP: 4/4
  1239 | D:3      | XOM: mild Conj miscast
  1435 | D:3      | XOM: 3-stop teleportation journey
  1675 | D:3      | Found a white marble altar of Elyvilon.
  1734 | D:3      | XOM: severe Chrm miscast
  1734 | D:3      | Paralysed by the severe capriciousness of Xom for 7 turns
  2086 | D:4      | Reached skill level 4 in Long Blades
  2086 | D:4      | Reached XP level 5. HP: 37/41 MP: 5/5
  2087 | D:4      | XOM: smoke on damage
  2103 | D:4      | Noticed a phantom
  2109 | D:4      | XOM: fog
  2129 | D:4      | Killed a phantom
  2239 | D:4      | Noticed nublet's ghost (novice DrEE)
  2281 | D:3      | XOM is BORED!
  2281 | D:3      | XOM: noise
  2335 | D:4      | Reached XP level 6. HP: 41/47 MP: 6/6
  2392 | D:4      | XOM: god gift: mace {god gift}
  2652 | D:4      | Reached skill level 5 in Long Blades
  2777 | D:4      | Noticed an ogre
  2783 | D:4      | XOM: potion effect (haste)
  2795 | D:4      | Killed an ogre
  2940 | D:3      | XOM: colour smoke trail
  2986 | D:5      | Entered Level 5 of the Dungeon
  3061 | D:5      | XOM: medium Conj miscast
  3099 | D:5      | Found a sand-covered staircase.
  3114 | D:5      | XOM: polymorph orc priest -> gnoll
  3116 | D:5      | XOM: noise
  3121 | D:5      | Killed from afar by an orc wizard

Dungeon Overview and Level Annotations

Branches:
Dungeon (5/15)
 Temple: D:4-7

Altars:
Elyvilon

Portals:
Ossuary: D:5

Annotations:
D:4 nublet's ghost, novice DrEE


Message History

The orc hits you but does no damage.
The orc priest hits you from afar with a trident.
You hit the orc but do no damage.
The orc is severely wounded.
You kill the orc!
The orc wizard points at you and mumbles some strange words.
The puff of flame hits you!
The orc priest hits you but does no damage.
The orc wizard hits you but does no damage.
The orc priest hits you with a trident.
Things that are here:
a flail; a leather armour; an orc corpse You hit the orc priest but do no damage.
The orc wizard hits you but does no damage.
Your plate armour prevents you from hitting the orc priest.
The orc priest calls down the wrath of Beogh upon you.
Something smites you! The orc wizard casts a spell at you.
The puff of frost hits you! You resist.
You closely miss the orc priest. "This might be better!"
The orc priest evaporates and reforms as a gnoll!
The gnoll hits you but does no damage.
You open the door.
Xom makes a sudden noise!
You hear a grinding noise.
You hear a shout!
The orc wizard hits you but does no damage.
There is an open door here.
You hit the orc wizard.
The orc wizard is poisoned.
The orc wizard is moderately wounded.
The orc wizard hits you but does no damage.
You hit the orc wizard.
The orc wizard looks even sicker.
The orc wizard is heavily wounded.
The orc wizard hits you but does no damage.
You miss the orc wizard.
The orc wizard is heavily wounded.
The orc wizard hits you but does no damage.
The orc wizard points at you and mumbles some strange words.
The puff of flame hits you! The fire burns you terribly!
You die...

You could see an orc wizard and a gnoll.

Vanquished Creatures
  An ogre (D:4)
  A phantom (D:4)
  A water moccasin skeleton (D:4)
  An iguana (D:5)
  An orc priest (D:4)
  A worker ant (D:5)
  6 gnolls (D:4)
  6 adders
  3 oozes
  6 orcs
  4 ball pythons
  7 bats
  9 hobgoblins
  6 jackals
  3 kobolds
  2 giant cockroaches
  2 giant geckos
  A giant gecko skeleton (D:4)
  2 giant newts
  8 goblins
  10 rats
81 creatures vanquished.

Action                   |  1- 3 |  4- 6 || total
-------------------------+-------+-------++-------
Melee: Falchion          |    31 |    15 ||    46
       Dagger            |    89 |   238 ||   327
 Stab: Paralysed         |       |     5 ||     5

Vault maps used:
D:1:      mrwooster_arrival_statue_2
D:2:      kennysheep_generic_room_3
D:3:      elyvilon_altar_5, first_bread
D:4:      serial_glass, glass_columns_c, glass_columns_a
D:5:      okawaru_gym_becter, basic_altar, nicolae_ossuary_entry_plus
